AoeStats
← OcultoElTopo

Nomad

510901531Analyzed
4v4 RM · 16h ago on Oct 3, 2026· 28m 37s· 8 players
Game mode
Random Map
Map size
231×231
Population
200
Speed
Normal
Resources
Standard
Victory
Conquest
Starting age
Dark Age
Ending age
Imperial Age
RankedLock teamsTeams togetherTeam positionsShared explorationLock speedFull tech treeHidden civsTurbo modeCheats
Victory
Defeat
🇨🇴 Varangians · Colombia
1215
+16
🇺🇸 Huns · United States
1214
+16
🇦🇷 Italians · Argentina
1171
+17
🇨🇴 Khmer · Colombia
1140
+18
🇺🇸 Aztecs · United States
1551
-29
🇺🇸 Huns · United States
1176
-16
🇺🇸 Goths · United States
1152
-15
🇺🇸 Varangians · United States
951
-7
skeletor
5:29 Loom
15:25 Feudal Age
19:07 Castle Age
17:14 Fletching
17:24 Padded Archer Armor
17:58 Double-Bit Axe
19:42 Bodkin Arrow
Saul carvajal 9
6:07 Loom
15:22 Feudal Age
20:44 Castle Age
OcultoElTopo
7:50 Loom
14:33 Feudal Age
18:48 Castle Age
20:15 Medium Warships
19:53 Demolition Ship
20:26 Double-Bit Axe
21:51 Wheelbarrow
21:41 Fletching
22:58 Padded Archer Armor
23:06 Town Watch
25:28 Ballistics
25:39 Fishing Lines
26:47 Bodkin Arrow
28:05 Gillnets
jaimeerp
5:44 Loom
15:08 Feudal Age
16:43 Double-Bit Axe
19:53 Wheelbarrow
23:05 Castle Age
23:23 Horse Collar
25:31 Fishing Lines
26:26 Hand Cart
26:28 Bow Saw
26:20 Heavy Plow
KT champs26
5:12 Loom
5:17 Loom
16:03 Feudal Age
18:22 Bloodlines
19:30 Double-Bit Axe
19:49 Horse Collar
20:56 Wheelbarrow
25:41 Castle Age
Kyrisser
3:01 Loom
13:31 Feudal Age
17:08 Castle Age
16:46 Gold Mining
18:23 Horse Collar
22:43 Redemption
27:55 Town Watch
TrippingNinja
5:30 Loom
14:06 Feudal Age
14:37 Horse Collar
20:25 Wheelbarrow
21:57 Town Watch
24:42 Castle Age
24:53 Scale Mail Armor
25:04 Forging
25:29 Gold Mining
27:07 Chain Mail Armor
27:27 Iron Casting
CliffHeights
13:58 Feudal Age
16:41 Double-Bit Axe
16:58 Gold Mining
19:29 Castle Age
17:27 Fletching
20:27 Bow Saw
20:16 Horse Collar
24:32 Bodkin Arrow
25:06 Padded Archer Armor
26:34 Leather Archer Armor
Connection lost

Rejoining the realm…

Still unreachable

The connection could not be restored.

Session expired

The server has moved on; the page needs a fresh start.